 Dungeon Crawl Stone Soup version 0.24.1-11-gbbbb2193e6 (webtiles) character file.

Game seed: 9190056390675024852, levelgen mode: deterministic

37603 Peloso the Carver (level 13, -10/103 HPs)
             Began as a Demonspawn Fighter on May 13, 2020.
             Was a High Priest of Okawaru.
             Killed by divine providence
             ... invoked by an orc priest
              (12 damage)
             ... on level 12 of the Dungeon.
             The game lasted 01:14:18 (16990 turns).

Peloso the Carver (Demonspawn Fighter)             Turns: 16990, Time: 01:14:19

Health: -10/103    AC: 15    Str: 29    XL:     13   Next: 59%
Magic:  0/15       EV: 10    Int: 11    God:    Okawaru [*****.]
Gold:   1399       SH: 19    Dex: 17    Spells: 12/12 levels left

rFire    + . .     SeeInvis .   a - +5 long sword of Exoneration {protect, Str+4 Dex+5}
rCold    + . .     Gourm    .   c - +0 shield
rNeg     . . .     Faith    .   k - +3 chain mail {rF+}
rPois    .         Spirit   +   (helmet restricted)
rElec    +         Reflect  +   H - scarf {cloud immunity}
rCorr    .         Harm     .   L - +0 pair of gloves "Ufruy" {-Cast rElec rC+ MR+}
MR       ++...     NoCast   +   (no boots)
Stlth    +.........             N - +6 amulet of reflection
HPRegen  0.27/turn              R - ring of protection from magic
MPRegen  0.14/turn              G - +4 ring of strength

@: grasped by roots, constricted
A: horns 1, demonic guardian 1, magic shield, sturdy frame 3
a: Heroism, Finesse, Renounce Religion


You were on level 12 of the Dungeon.
You worshipped Okawaru.
Okawaru was extremely pleased with you.
You were hungry.

You visited 4 branches of the dungeon, and saw 17 of its levels.
You also visited: Volcano.

You collected 1628 gold pieces.
You spent 229 gold pieces at shops.

Inventory:

Hand Weapons
 a - the +5 long sword of Exoneration (weapon) {protect, Str+4 Dex+5}
   (You bought it in a shop on level 2 of the Orcish Mines)

   It grants its wielder temporary protection when it strikes (+7 to AC).
   It affects your strength (+4).
   It affects your dexterity (+5).
 b - a +1 hand axe of flaming
Armour
 c - a +0 shield (worn)
 k - a +3 chain mail of fire resistance (worn)
 m - a +0 chain mail of poison resistance
 u - +0 acid dragon scales
 v - +0 ice dragon scales
 H - a scarf of cloud immunity (worn)
 L - the +0 pair of gloves "Ufruy" (worn) {-Cast rElec rC+ MR+}
   (You found it on level 10 of the Dungeon)

   It protects you from cold.
   It insulates you from electricity.
   It affects your resistance to hostile enchantments.
   It prevents spellcasting.
Jewellery
 G - a +4 ring of strength (right hand)
 K - the ring of Kawkeput {Wiz rC+ rN+ MP+9}
   (You found it on level 10 of the Dungeon)

   [ring of wizardry]

   It improves your spell success rate.
   It protects you from cold.
   It protects you from negative energy.
   It affects your magic capacity (+9).
 N - a +6 amulet of reflection (around neck)
 R - a ring of protection from magic (left hand)
Wands
 t - a wand of digging (1)
 J - a wand of acid (2)
Scrolls
 d - 2 scrolls of noise
 g - 8 scrolls of remove curse
 h - 2 scrolls of fear
 j - a scroll of fog
 l - a scroll of blinking
 q - a scroll of enchant weapon
 r - a scroll of identify
 x - 2 scrolls of enchant armour {unknown}
 B - 3 scrolls of teleportation
 C - a scroll of amnesia {unknown}
 O - a scroll of silence {unknown}
 S - a scroll of vulnerability {unknown}
Potions
 e - a potion of berserk rage {unknown}
 i - 2 potions of resistance {unknown}
 o - a potion of magic
 p - 4 potions of curing
 E - a potion of invisibility
Comestibles
 f - 35 rations


   Skills:
 + Level 10.2 Fighting
 + Level 12.4 Long Blades
 + Level 9.4 Armour
 + Level 5.3 Dodging
 + Level 3.3 Stealth
 + Level 10.9 Shields
 + Level 3.7 Invocations
 + Level 2.1 Evocations


You had 12 spell levels left.
You didn't know any spells.
Your spell library contained the following spells:

 Spells                   Type           Power        Failure   Level  Hunger
 Confusing Touch          Hex            #.....       69%         1    ##.....
 Pain                     Necr           #...         69%         1    ##.....
 Summon Small Mammal      Summ           #...         69%         1    ##.....
 Call Imp                 Summ           #.......     83%         2    ###....
 Sublimation of Blood     Necr           #.........   83%         2    ###....
 Call Canine Familiar     Summ           #.......     96%         3    ####...
 Confuse                  Hex            #.......     96%         3    ####...
 Gell's Gravitas          Tloc           #.........   96%         3    ####...
 Portal Projectile        Hex/Tloc       #.....       96%         3    ####...
 Regeneration             Chrm/Necr      #.........   96%         3    ####...
 Summon Guardian Golem    Hex/Summ       #.......     96%         3    ####...
 Fulminant Prism          Conj/Hex       #.........   100%        4    #####..
 Petrify                  Tmut/Erth      #.......     100%        4    #####..
 Summon Ice Beast         Ice/Summ       #.......     100%        4    #####..
 Summon Lightning Spire   Summ/Air       #.......     100%        4    #####..
 Bolt of Draining         Conj/Necr      #.........   100%        5    ######.
 Bolt of Magma            Conj/Fire/Erth #.........   100%        5    ######.
 Iskenderun's Battlesphe  Conj/Chrm      #.......     100%        5    ######.
 Metabolic Englaciation   Hex/Ice        #.........   100%        5    ######.
 Silence                  Hex/Air        #.........   100%        5    ######.
 Venom Bolt               Conj/Pois      #.........   100%        5    ######.
 Yara's Violent Unravell  Hex/Tmut       #.........   100%        5    ######.
 Iron Shot                Conj/Erth      #.........   100%        6    #######
 Poison Arrow             Conj/Pois      #.........   100%        6    #######
 Dragon Form              Tmut           #.........   100%        7    #######
 Orb of Destruction       Conj           #.........   100%        7    #######
 Spellforged Servitor     Conj/Summ      #.........   100%        7    #######
 Chain Lightning          Conj/Air       #.........   100%        8    #######
 Lehudib's Crystal Spear  Conj/Erth      #.........   100%        8    #######
 Fire Storm               Conj/Fire      #.........   100%        9    #######
 Glaciate                 Conj/Ice       #.........   100%        9    #######


Dungeon Overview and Level Annotations

Branches:
Dungeon (12/15)            Temple (1/1) D:7            Lair (2/6) D:10
  Snake (0/4) Lair:2          Orc (2/2) D:11            Elf (0/3) Orc:2
Volcano (visited)
  Swamp: Lair:2-4    Shoals: Lair:2-4

Altars:
Ashenzari
Cheibriados
Dithmenos
Elyvilon
Fedhas
Gozag
Hepliaklqana
Kikubaaqudgha
Makhleb
Nemelex Xobeh
Okawaru
Qazlal
Ru
Sif Muna
Trog
Uskayaw
Vehumet
Wu Jian
Xom
Yredelemnul
Zin
The Shining One
Beogh

Shops:
D:8 }   Orc:2 *(=*

Annotations:
D:5 2 transporters, Menkaure
D:12 Jorgrun


Innate Abilities, Weirdness & Mutations

You have a pair of small horns on your head.
A weak demonic guardian rushes to your aid.
When hurt, damage is shared between your health and your magic reserves.
Your movements are significantly less encumbered by armour. (ER -6)


Message History

Your quasit claws the troll.
Your quasit barely misses the troll.
Your quasit claws the troll but does no damage. x2
* * * LOW HITPOINT WARNING * * *
The grasping roots constrict you! You block the troll's attack.
The troll claws you.
* * * LOW HITPOINT WARNING * * *
The troll claws you but does no damage.
Your quasit bites the troll but does no damage.
Your quasit claws the troll but does no damage. x2
You feel better.
Your quasit barely misses the troll.
Your quasit claws the troll but does no damage.
Your quasit barely misses the troll.
Your quasit closely misses the troll.
Your quasit barely misses the troll.
Your quasit claws the troll.
* * * LOW HITPOINT WARNING * * *
The grasping roots constrict you! The troll bites you!
* * * LOW HITPOINT WARNING * * *
You block the troll's attack. The troll claws you but does no damage.
The orc priest invokes the aid of Beogh against you.
Beogh smites you!
You die...

.#.#.#.#................
.......a###..........##
.##+##.#.##.#.........##
#..#.#.##.(.......#
+.###..........#..#
#OZ###..g...#..#).#
#.#oOo..a...#..))##
.....o.....o.5..#..<.#
#.#.#.#..oo..5T@....##
.........o.........#
.....................#
#.....%..............##
####.##...#.........##
.. ....###....#..#
.....#### #....##


You could see Jorgrun, a troll, an ogre, a worker ant, 2 orc priests, an orc
wizard, 2 orcs and 2 friendly quasits.

Vanquished Creatures
  Erolcha (D:9)
  An ogre mage (D:10)
  A hydra (Lair:2)
  A centaur warrior (D:10)
  A two-headed ogre (D:10)
  2 orc high priests (Orc:2)
  An unseen horror (D:10)
  A lindwurm (Lair:2)
  2 orc knights (D:11)
  2 ugly things
  2 orc sorcerers
  A cyclops (Orc:2)
  A smoke demon (Volcano)
  2 black mambas (Lair:2)
  A gargoyle (D:11)
  A yaktaur (D:10)
  4 spiny frogs
  3 komodo dragons
  A red devil (Volcano)
  6 trolls
  A queen bee (Lair:1)
  A hornet (Lair:2)
  A blink frog (Lair:2)
  2 hippogriffs
  Sigmund (D:2)
  6 wraiths
  A wyvern (D:7)
  20 yaks
  A steam dragon (D:9)
  2 hungry ghosts (D:11)
  3 nagas (Lair:2)
  An acid dragon (D:11)
  5 water moccasins
  2 hell hounds (Volcano)
  10 porcupines
  3 sky beasts
  30 orc warriors
  2 black bears (D:10)
  6 ice beasts
  5 phantoms
  15 ogres
  A necrophage (D:10)
  14 centaurs
  10 crocodiles
  2 big kobolds
  17 bullfrogs
  7 scorpions
  5 wights (D:10)
  38 killer bees
  2 bullfrog zombies
  7 crimson imps
  3 bullfrog skeletons
  5 hounds
  17 orc priests
  2 jellies
  6 iguanas
  24 orc wizards
  2 hell rats (Lair:2)
  8 worker ants
  5 ogre zombies (D:11)
  A hound skeleton (D:9)
  A worker ant zombie (D:10)
  3 gnolls (D:6)
  18 adders
  8 river rats (Lair:2)
  2 shadow imps (D:5)
  2 oozes
  An adder zombie (D:6)
  An adder skeleton (D:4)
  5 worms
  2 dart slugs (D:2)
  3 leopard geckos
  69 orcs
  10 ball pythons
  7 bats
  6 giant cockroaches
  5 goblins
  2 hobgoblins (D:1)
  6 jackals
  10 kobolds
  7 quokkas
  2 frilled lizards (D:2)
  A giant cockroach zombie (D:4)
  2 goblin zombies (D:11)
  2 hobgoblin zombies (D:11)
  4 orc skeletons (D:11)
  9 orc zombies (D:11)
  2 quokka skeletons
  13 rats
  A plant (Lair:1)
533 creatures vanquished.

Vanquished Creatures (collateral kills)
  Josephine (Orc:1)
  An orc knight (Orc:2)
  A cyclops (D:11)
  An orc sorcerer (Orc:2)
  A centaur skeleton (D:10)
  2 yaks (Lair:1)
  A naga (Lair:2)
  3 water moccasins
  An orc warrior (Orc:2)
  A phantom (D:4)
  An ice beast (D:7)
  A centaur (D:5)
  A big kobold (D:10)
  2 bullfrogs
  A howler monkey (D:11)
  A jelly (D:6)
  A hound (D:7)
  An ogre zombie (D:11)
  A river rat (Lair:2)
  A worm (D:5)
  3 orcs
  4 kobolds (D:10)
  2 orc zombies (D:11)
33 creatures vanquished.

Vanquished Creatures (others)
  A centaur warrior (Orc:2)
  An orc knight (Orc:2)
  4 orc warriors (Orc:2)
  2 centaurs (Orc:2)
  5 orcs (Orc:2)
  4 fungi (D:10)
17 creatures vanquished.

Grand Total: 583 creatures vanquished

Notes
Turn   | Place    | Note
-------+----------+-------------------------------------------
     0 | D:1      | Peloso the Demonspawn Fighter began the quest for the Orb.
     0 | D:1      | Reached XP level 1. HP: 18/18 MP: 1/1
   100 | D:1      | Reached skill level 2 in Long Blades
   102 | D:1      | Gained mutation: When hurt, damage is shared between your
                  | health and your magic reserves. [demonic ancestry]
   102 | D:1      | Reached XP level 2. HP: 10/24 MP: 2/2
   629 | D:2      | Reached XP level 3. HP: 18/29 MP: 1/3
   794 | D:2      | Noticed Sigmund
   807 | D:2      | Killed Sigmund
   807 | D:2      | Reached skill level 3 in Long Blades
   807 | D:2      | Reached XP level 4. HP: 13/37 MP: 2/4
   807 | D:2      | Reached XP level 5. HP: 15/42 MP: 2/5
  1380 | D:2      | Gained mutation: A weak demonic guardian rushes to your
                  | aid. [demonic ancestry]
  1380 | D:2      | Reached XP level 6. HP: 40/48 MP: 6/6
  1453 | D:2      | Reached skill level 4 in Long Blades
  1960 | D:3      | Reached skill level 1 in Dodging
  2103 | D:3      | Found a bloodstained altar of Trog.
  2699 | D:4      | Reached XP level 7. HP: 45/54 MP: 7/7
  3023 | D:5      | Entered Level 5 of the Dungeon
  3065 | D:5      | Reached skill level 5 in Long Blades
  3756 | D:5      | Reached XP level 8. HP: 54/61 MP: 6/8
  3775 | D:5      | Found a transporter.
  3781 | D:5      | Found a transporter.
  3796 | D:5      | Found a basalt altar of Yredelemnul.
  3800 | D:5      | Noticed Menkaure
  3807 | D:5      | Found an ancient bone altar of Kikubaaqudgha.
  3979 | D:5      | Found a sparkling altar of Nemelex Xobeh.
  4207 | D:6      | Reached skill level 5 in Fighting
  4244 | D:6      | Reached skill level 6 in Long Blades
  4315 | D:6      | Reached skill level 5 in Armour
  4476 | D:6      | Found a stormy altar of Qazlal.
  4592 | D:6      | Reached skill level 5 in Shields
  4858 | D:6      | Reached skill level 1 in Stealth
  5185 | D:7      | Gained mutation: Your movements are slightly less
                  | encumbered by armour. (ER -2) [demonic ancestry]
  5185 | D:7      | Reached XP level 9. HP: 57/68 MP: 7/9
  5240 | D:7      | Reached skill level 7 in Long Blades
  5582 | D:7      | Got a crude buckler
  5588 | D:7      | Identified the cursed -7 buckler "Ynetrets" {rF+ Str+2
                  | Int+6} (You found it on level 7 of the Dungeon)
  5727 | D:7      | Found a staircase to the Ecumenical Temple.
  5747 | Temple   | Entered the Ecumenical Temple
  5938 | Temple   | Became a worshipper of Warmaster Okawaru
  6246 | D:7      | You fall into a shaft and drop 3 floors!
  6246 | D:10     | Entered Level 10 of the Dungeon
  6375 | D:10     | Killed an unseen horror
  6375 | D:10     | Reached * piety under Okawaru
  6417 | D:10     | Reached skill level 8 in Long Blades
  6474 | D:10     | Noticed a komodo dragon
  6486 | D:10     | Killed a komodo dragon
  6486 | D:10     | Reached skill level 1 in Evocations
  6550 | D:10     | Noticed an ogre mage
  6613 | D:10     | Reached XP level 10. HP: 76/77 MP: 8/10
  6623 | D:10     | Noticed a two-headed ogre
  6658 | D:9      | Reached ** piety under Okawaru
  6952 | D:8      | Found a radiant altar of Vehumet.
  6996 | D:8      | Got a distressingly furry ring mail
  7008 | D:8      | Identified the +3 ring mail "Wuojem" {rElec Int+4 Dex-5}
                  | (You found it on level 8 of the Dungeon)
  7171 | D:8      | Found Cuempaph's Gadget Shop.
  7247 | D:8      | Found a glowing silver altar of Zin.
  7248 | D:8      | Noticed an angel
  7691 | D:9      | Reached skill level 9 in Long Blades
  7863 | D:9      | Found a hazy altar of Hepliaklqana.
  7942 | D:9      | Noticed Erolcha
  7955 | D:9      | Killed Erolcha
  7955 | D:9      | Reached *** piety under Okawaru
  8003 | D:9      | Reached skill level 1 in Invocations
  8263 | D:10     | Noticed a centaur warrior
  8280 | D:10     | Killed a centaur warrior
  8280 | D:10     | Reached **** piety under Okawaru
  8280 | D:10     | Gained mutation: You have a pair of small horns on your
                  | head. [demonic ancestry]
  8280 | D:10     | Reached XP level 11. HP: 67/86 MP: 7/11
  8561 | D:10     | Found a staircase to the Lair.
  8647 | D:10     | Killed a two-headed ogre
  8662 | D:10     | Reached skill level 10 in Long Blades
  8874 | D:10     | Paralysed by an ogre mage for 5 turns
  8883 | D:10     | Paralysed by an ogre mage for 4 turns
  8890 | D:10     | Killed an ogre mage
  8952 | D:10     | Got a transparent granite ring
  8953 | D:10     | Identified the ring of Kawkeput {Wiz rC+ rN+ MP+9} (You
                  | found it on level 10 of the Dungeon)
  8956 | D:10     | Got a pair of transparent gloves
  8962 | D:10     | Identified the +0 pair of gloves "Ufruy" {-Cast rElec rC+
                  | MR+} (You found it on level 10 of the Dungeon)
  8964 | D:10     | Identified the Almanac of Curses
  9011 | D:10     | Reached ***** piety under Okawaru
  9392 | D:11     | Noticed a brown ugly thing
  9425 | D:11     | Killed a brown ugly thing
  9597 | D:11     | Found a sparkling altar of Nemelex Xobeh.
  9741 | D:11     | Received a gift from Okawaru
  9770 | D:11     | Got a pitted scale mail {god gift}
  9781 | D:11     | Identified the +1 scale mail "Cuem" {Str+2} (Okawaru gifted
                  | it to you on level 11 of the Dungeon)
  9864 | D:11     | Found a staircase to the Orcish Mines.
 10433 | Lair:1   | Entered Level 1 of the Lair of Beasts
 10447 | Lair:1   | Gained mutation: Your movements are less encumbered by
                  | armour. (ER -4) [demonic ancestry]
 10447 | Lair:1   | Reached XP level 12. HP: 82/95 MP: 13/13
 10573 | D:10     | Reached skill level 11 in Long Blades
 11754 | Lair:2   | Found a staircase to the Snake Pit.
 11808 | Lair:2   | Identified the Handbook of Shifting Unholy Secrets
 12141 | Lair:2   | Noticed a seven-headed hydra
 12146 | Lair:2   | Killed a seven-headed hydra
 12280 | Lair:2   | Received a gift from Okawaru
 12980 | Orc:1    | Entered Level 1 of the Orcish Mines
 13245 | Orc:1    | HP: 2/97 [orc knight/+0 great sword (20)]
 14029 | Orc:2    | Entered Level 2 of the Orcish Mines
 14049 | Orc:2    | Gained mutation: Your movements are significantly less
                  | encumbered by armour. (ER -6) [demonic ancestry]
 14049 | Orc:2    | Reached XP level 13. HP: 80/103 MP: 11/14
 14073 | Orc:2    | Found a dark tunnel.
 14135 | Orc:2    | Reached skill level 10 in Shields
 14149 | Volcano  | Entered a volcano
 14384 | Volcano  | Reached skill level 12 in Long Blades
 14634 | Orc:2    | Reached skill level 10 in Fighting
 15074 | Orc:1    | Noticed Josephine
 15473 | Orc:1    | Killed Josephine
 15511 | Orc:1    | Reached skill level 5 in Dodging
 15901 | Orc:2    | Found Beneklek's Jewellery Emporium.
 15901 | Orc:2    | Found Effy's Antique Weapon Boutique.
 15903 | Orc:2    | Found Ylintol's Assorted Antiques.
 15905 | Orc:2    | Found Vida's Assorted Antiques.
 15943 | Orc:2    | Bought a brightly glowing long sword for 229 gold pieces
 15943 | Orc:2    | Identified the +5 long sword of Exoneration {protect, Str+4
                  | Dex+5} (You bought it in a shop on level 2 of the Orcish
                  | Mines)
 16199 | Orc:2    | Found a staircase to the Elven Halls.
 16484 | Orc:2    | Found a roughly hewn altar of Beogh.
 16966 | D:12     | Noticed Jorgrun
 16990 | D:12     | HP: 2/103 [troll (12)]
 16990 | D:12     | Killed from afar by an orc priest

Levels and vault maps discovered:
D:1:      lightli_iron_boxes, layout_basic
D:2:      layout_loops_ring, first_ration, minmay_snake_closets, uniq_sigmund
D:3:      layout_rooms, lightli_temple_of_fire
D:4:      layout_basic, kennysheep_small_square
D:5:      layout_rooms, gammafunk_temple_of_torment, marbit_many_paths
D:6:      layout_loops_ring, kennysheep_little_box, kennysheep_path_1,
          grunt_tough_drop
D:7:      layout_gridville, minmay_temple_entry_waves
D:8:      layout_rooms, zin_angel, vehumet_altar_wand_db, serial_shops,
          nicolae_shop_trees
D:9:      layout_small_grid, lemuel_doored_altar, uniq_erolcha
D:10:     minmay_the_grid_octo_2x2 [minmay_the_grid_octo_77,
          minmay_the_grid_octo_odd_swirl, minmay_the_grid_octo_fan_narrow,
          minmay_the_grid_octo_prize_star], layout_loops_ring,
          grunt_lair_entry_orc_guard_hut, blue_anna_alchemist
          [blue_anna_fruit_fields, blue_anna_fruit_fields]
D:11:     layout_loops_ring, zombieorc1_lemuel, minmay_ruined_shrine
D:12:     layout_cave_pools, basic_altar, minivault_16, minmay_misc_feat_doors,
          minmay_starry_boxes, uniq_jorgrun
Temple:   dpeg_chambers_temple
Lair:1:   layout_small_grid, special_room [special_room_bee], st_stairs_9,
          beast_lair_carwin_11
Lair:2:   cheibrodos_lair_overgrown_chateau, layout_loops_ring,
          minmay_snake_entry_guardpost_small, kennysheep_abandoned_house
Orc:1:    layout_diamond_mine, uniq_josephine
Orc:2:    st_orc_rangers, layout_diamond_mine, basic_altar,
          nicolae_volcano_entry_two_sided

Skill      XL: |  1  2  3  4  5  6  7  8  9 10 11 12 13 |
---------------+----------------------------------------+-----
Long Blades    | 2 3 4 5 6 8 9 10 11 12 | 12.4
Armour         | 3 4 5 6 7 8 9 |  9.4
Shields        | 3 4 5 6 7 8 9 10 | 10.9
Dodging        | 1 2 3 4 5 |  5.3
Fighting       | 4 5 6 7 9 10 | 10.2
Stealth        | 1 2 3 |  3.3
Evocations     | 1 2 |  2.1
Invocations    | 1 2 3 |  3.7

Action                   |  1- 3 |  4- 6 |  7- 9 | 10-12 | 13-15 || total
-------------------------+-------+-------+-------+-------+-------++-------
Melee: Long sword        |    87 |   248 |   425 |   340 |   121 ||  1221
       Falchion          |       |       |       |   996 |   323 ||  1319
       Headbutt          |       |       |       |   250 |   105 ||   355
Invok: Heroism           |       |       |     4 |    36 |    16 ||    56
Evoke: Wand              |       |       |     6 |    16 |     3 ||    25
  Use: Potion            |     3 |     1 |     2 |     2 |     1 ||     9
       Scroll            |       |       |    11 |     5 |     2 ||    18
 Stab: Distracted        |       |       |     2 |     2 |     3 ||     7
       Sleeping          |       |       |       |       |     1 ||     1
  Eat: Chunk             |       |     6 |    10 |    28 |    10 ||    54
       Ration            |       |       |     1 |       |       ||     1
Armor: Scale mail        |    54 |   102 |     4 |       |       ||   160
       Chain mail        |       |       |   220 |    12 |    57 ||   289
       Plate armour      |       |       |       |   426 |    10 ||   436
       Skin              |       |       |       |     1 |       ||     1
Dodge: Dodged            |    34 |    85 |   101 |   341 |   103 ||   664
Block: Shield            |    52 |   135 |   197 |   736 |   403 ||  1523
       Reflection        |       |       |       |     3 |    60 ||    63
       Rpst.: Long sword |     9 |    25 |    28 |    26 |     7 ||    95
       Falchion          |       |       |       |    84 |    13 ||    97
